 Dungeon Crawl Stone Soup version 0.30-a0-29-g142975f185 (webtiles) character file.

Game seed: 197807103274191840

168 purpskrrrp the Poker (level 5, 0/42 HPs)
             Began as a Merfolk Fighter on Aug 26, 2022.
             Was a Believer of Cheibriados.
             Slain by a gnoll
             ... wielding a +0 whip
              (4 damage)
             ... on level 3 of the Dungeon.
             The game lasted 00:04:43 (1673 turns).

purpskrrrp the Poker (Merfolk Fighter)              Turns: 1673, Time: 00:04:44

Health: 0/42       AC:  8    Str: 22    XL:     5   Next: 49%
Magic:  2/5        EV: 11    Int: 12    God:    Cheibriados [**....]
Gold:   83         SH:  5    Dex: 17    Spells: 4/4 levels left

rFire   . . .      SeeInvis .    a - +0 trident
rCold   . . .      Faith    .    c - +0 buckler
rNeg    . . .      Spirit   .    b - +2 scale mail
rPois   .          Reflect  .    (no helmet)
rElec   .          Harm     .    (no cloak)
rCorr   .          Rampage  .    (no gloves)
Will    .....                    (no boots)
Stlth   +.........               (no amulet)
HPRegen 0.14/turn                (no ring)
MPRegen 0.09/turn                (no ring)

@: mighty, very slow
A: (nimble swimmer 2), mertail
a: Renounce Religion, Bend Time


You were on level 3 of the Dungeon.
You worshipped Cheibriados.
Cheibriados was pleased with you.
You visited 1 branch of the dungeon, and saw 3 of its levels.

You collected 83 gold pieces.

Inventory:

Hand Weapons
 a - a +0 trident (weapon)
Armour
 b - a +2 scale mail (worn)
 c - a +0 buckler (worn)
Scrolls
 g - 2 scrolls of teleportation
 o - a scroll of poison {unknown}
Potions
 d - a potion of might
 h - a potion of lignification
 i - a potion of curing {unknown}
 m - 2 potions of cancellation


   Skills:
 + Level 4.0 Fighting
 * Level 4.7 Polearms
 - Level 2.1 Armour
 * Level 3.7 Dodging
 + Level 2.0 Stealth
 - Level 3.0 Shields


You had 4 spell levels left.
You didn't know any spells.
Your spell library was empty.

Dungeon Overview and Level Annotations

Branches:
Dungeon (3/15)

Altars:
Cheibriados


Innate Abilities, Weirdness & Mutations

((You are very nimble when in or above water. (Stealth+, EV+, Speed+++)))
Your lower body shifts to a powerful aquatic tail in water.


Message History

The kobold barely misses you.
Reach: a) +0 trident
Press: ? - help, Dir - move target, f/p - gnoll
Aim: a gnoll, wielding a +0 flail (almost dead, about 34% to evade your +0 trident)
You puncture the gnoll!
You kill the gnoll!
Cheibriados appreciates the change of pace.
The giant cockroach barely misses you. The gnoll hits you but does no damage.
The gnoll barely misses you. The kobold hits you but does no damage.
The giant cockroach closely misses you.
Okay, then.
Okay, then.
Okay, then.
The flow of time bends around you.
Cheibriados rebukes the kobold.
The kobold seems to slow down.
Cheibriados rebukes the gnoll.
The gnoll seems to slow down.
Cheibriados rebukes the gnoll.
The gnoll seems to slow down.
Cheibriados rebukes the giant cockroach.
The giant cockroach seems to slow down.
The kobold barely misses you. The gnoll hits you with a +0 whip.
* * * LOW HITPOINT WARNING * * *
The gnoll closely misses you.
Reach: a) +0 trident
Press: ? - help, Dir - move target, f - kobold
Aim: a kobold, wielding a +0 short sword and quivering stones (slow, about 44% to evade your +0 trident)
You puncture the kobold!
You kill the kobold!
Cheibriados appreciates the change of pace.
The giant cockroach closely misses you.
Reach: a) +0 trident
Press: ? - help, Dir - move target, f - giant cockroach
Aim: a giant cockroach (slow, about 37% to evade your +0 trident)
You closely miss the giant cockroach. The giant cockroach barely misses you.
The gnoll hits you with a +0 flail.
* * * LOW HITPOINT WARNING * * *
The gnoll hits you with a +0 whip.
You die...

.......>.....
............ .
...........# ..
........... ...
.......... ....
#........#.....
......)B)......
#..!..)@g......
#.......g..[...
#........#.....
#..!.....# ..(.
#########. ...
.. .. .. . ###


You could see 2 gnolls and a giant cockroach (slow).

Vanquished Creatures
  Jessica (D:2)
  Natasha (thrice) (D:2)
  2 gnolls (D:3)
  2 adders
  A worm (D:2)
  3 ball pythons (D:1)
  3 endoplasms
  3 giant cockroaches
  2 hobgoblins
  3 kobolds
  2 quokkas
  A bat (D:2)
  A frilled lizard (D:2)
  6 rats
33 creatures vanquished.

Notes
Turn   | Place    | Note
-------+----------+-------------------------------------------
     0 | D:1      | purpskrrrp the Merfolk Fighter began the quest for the Orb.
     0 | D:1      | Reached XP level 1. HP: 18/18 MP: 1/1
   184 | D:1      | Reached skill level 1 in Dodging
   185 | D:1      | Reached XP level 2. HP: 19/24 MP: 2/2
   385 | D:1      | Found a faded altar of an unknown god.
   401 | D:1      | Prayed at the altar of an unknown god.
   401 | D:1      | Became a worshipper of Cheibriados the Contemplative
   401 | D:1      | Reached * piety under Cheibriados
   979 | D:2      | Noticed Jessica
   992 | D:2      | Killed Jessica
   993 | D:2      | Reached skill level 1 in Stealth
   993 | D:2      | Reached XP level 3. HP: 26/29 MP: 3/3
  1038 | D:2      | Noticed Natasha
  1045 | D:2      | Killed Natasha
  1046 | D:2      | Reached XP level 4. HP: 25/37 MP: 4/4
  1074 | D:2      | Noticed Natasha
  1083 | D:2      | Killed Natasha
  1145 | D:2      | Noticed Natasha
  1151 | D:2      | Killed Natasha
  1152 | D:2      | Reached XP level 5. HP: 25/42 MP: 5/5
  1666 | D:3      | Reached ** piety under Cheibriados
  1673 | D:3      | Slain by a gnoll

Illustrated notes

Levels and vault maps discovered:
D:1:      beargit_arrival_diablo_church, layout_basic,
          ebering_ecumenical_altar_webs, minmay_misc_feat_room
D:2:      layout_rooms, uniq_jessica, uniq_natasha
D:3:      layout_rooms

Skill      XL: |  1  2  3  4  5 |
---------------+----------------+-----
Polearms       | 3 4 |  4.7
Dodging        | 1 2 3 |  3.7
Stealth        | 1 2 |  2.0
Fighting       | 4 |  4.0
Armour         | |  2.1
Shields        | |  3.0

Action                   |  1- 3 |  4- 6 || total
-------------------------+-------+-------++-------
Melee: Trident           |    55 |    43 ||    98
Invok: Bend Time         |       |     1 ||     1
  Use: Potion            |       |     2 ||     2
       Scroll            |       |     9 ||     9
Armor: Scale mail        |    18 |    15 ||    33
Dodge: Dodged            |    16 |    33 ||    49
Block: Buckler           |    10 |    12 ||    22

Table legend: (Time is in decaauts)
 A = Elapsed time spent in this place.
 B = Non-inter-level travel time spent in this place.
 C = Inter-level travel time spent in this place.
 D = Time resting spent in this place.
 E = Time spent auto-exploring this place.
 F = Levels seen in this place.
 G = Mean time per level.
                   A        B        C        D        E       F      G
               +--------+--------+--------+--------+--------+-----+--------+
         Total |   2039 |   1938 |    101 |     93 |   1586 |   3 |  679.7 |
       Dungeon |   2039 |   1938 |    101 |     93 |   1586 |   3 |  679.7 |
               +--------+--------+--------+--------+--------+-----+--------+

Top non-repeatable levels by time:
     D:1: 1087 daAuts
     D:2: 939 daAuts
     D:3: 12 daAuts
